 Dungeon Crawl Stone Soup version 0.22-a0-571-g4a923d4b9e (webtiles) character file.

14250 Kholdaimon the Nimble (level 11, -1/56 HPs)
             Began as a Spriggan Artificer on July 1, 2018.
             Was a Follower of Fedhas.
             Slain by a yaktaur captain (25 damage)
             ... on level 10 of the Dungeon.
             The game lasted 02:58:25 (18184 turns).

Kholdaimon the Nimble (Spriggan Artificer)         Turns: 18184, Time: 02:58:26

Health: -1/56      AC:  8    Str: 11    XL:     11   Next: 86%
Magic:  18/18      EV: 25    Int: 12    God:    Fedhas [*.....]
Gold:   779        SH:  0    Dex: 18    Spells: 5/16 levels left

rFire    . . .     SeeInvis +   M - +1 short sword (elec)
rCold    . . .     Gourm    .   (shield restricted)
rNeg     . . .     Faith    .   a - +0 troll leather armour {Purgy}
rPois    +         Spirit   .   (helmet restricted)
rElec    +         Reflect  .   I - +1 cloak
rCorr    .         Harm     .   (gloves unavailable)
MR       +....                  (boots unavailable)
Stlth    ++++......             b - amulet of Kydok {Acrobat +Inv rElec rPois SInv}
HPRegen  0.58/turn              v - ring of wizardry
MPRegen  0.16/turn              T - +2 ring of protection

@: very quick
A: very small, unfitting armour, see invisible, herbivore, speed 3, slow
metabolism 2
a: Fungal Bloom, Evolution, Renounce Religion, Evoke Invisibility


You were on level 10 of the Dungeon.
You worshipped Fedhas.
Fedhas was aware of your devotion.
You were not hungry.

You visited 2 branches of the dungeon, and saw 11 of its levels.
You also visited: Sewer and Bailey.

You collected 779 gold pieces.

Inventory:

Hand Weapons
 o - a +1 hunting sling
 w - a +1 dagger of venom
 M - a +1 short sword of electrocution (weapon)
Missiles
 s - 48 poisoned needles
 x - 8 tomahawks (quivered)
 y - 14 arrows
 E - 28 sling bullets
 P - 50 stones
Armour
 a - a +0 troll leather armour (worn) {Purgy}
 I - a +1 cloak (worn)
Jewellery
 b - the amulet of Kydok (around neck) {Acrobat +Inv rElec rPois SInv}
   (You found it on level 4 of the Dungeon)

   [amulet of the acrobat]

   It helps you evade while moving and waiting.
   It insulates you from electricity.
   It protects you from poison.
   It lets you see invisible.
   It lets you turn invisible.
 m - an uncursed ring of protection from cold
 q - an uncursed ring of protection from cold
 v - a ring of wizardry (left hand)
 G - an uncursed ring of ice
 T - a +2 ring of protection (right hand)
Wands
 c - a wand of digging (9)
 d - a wand of enslavement (13)
 e - a wand of random effects (13)
 u - a wand of polymorph (15)
 O - a wand of acid (5)
 Q - a wand of flame (17)
Scrolls
 h - 3 scrolls of teleportation {unknown}
 i - 5 scrolls of enchant weapon
 k - 5 scrolls of remove curse
 p - a scroll of brand weapon {unknown}
 z - 3 scrolls of amnesia
 C - a scroll of immolation
 F - 3 scrolls of fear {unknown}
 H - 5 scrolls of blinking {unknown}
 J - 3 scrolls of noise {unknown}
 K - 3 scrolls of magic mapping {unknown}
 N - a scroll of enchant armour {unknown}
 U - a scroll of silence {unknown}
Potions
 g - a potion of ambrosia
 j - 5 potions of brilliance
 l - 4 potions of heal wounds
 n - 2 potions of resistance
 r - a potion of magic
 t - 7 potions of curing
 A - 4 potions of might
 B - a potion of flight
 D - 4 potions of agility
 L - a potion of berserk rage
Miscellaneous
 R - a crystal ball of energy
 V - a phantom mirror
Comestibles
 f - 15 rations


   Skills:
 - Level 6.0 Fighting
 + Level 9.0 Short Blades
 + Level 9.2 Slings
 - Level 3.0 Armour
 + Level 9.5 Dodging
 - Level 9.0 Stealth
 - Level 3.0 Spellcasting
 + Level 1.7 Hexes
 - Level 5.1 Translocations
 - Level 5.2 Transmutations
 * Level 4.6 Earth Magic
 + Level 2.3 Invocations
 - Level 8.5 Evocations


You had 5 spell levels left.
You knew the following spells:

 Your Spells              Type           Power        Failure   Level  Hunger
a - Gell's Gravitas       Tloc           ##........   4%          3    ###....
b - Petrify               Tmut/Erth      ##......     16%         4    #####..
c - Apportation           Tloc           ##....       1%          1    #......
d - Portal Projectile     Hex/Tloc       ##....       9%          3    ###....

Your spell library contained the following spells:

 Spells                   Type           Power        Failure   Level  Hunger
 Cause Fear               Hex            #.........   50%         4    #####..
 Magic Dart               Conj           #...         12%         1    #......
 Slow                     Hex            #.......     9%          2    ###....
 Confuse                  Hex            #.......     17%         3    ###....
 Throw Frost              Conj/Ice       #.....       19%         2    ###....
 Summon Small Mammal      Summ           #...         12%         1    #......
 Iskenderun's Mystic Bla  Conj           #.......     73%         4    #####..
 Animate Skeleton         Necr           N/A          12%         1    #......
 Freeze                   Ice            #...         12%         1    #......
 Summon Ice Beast         Ice/Summ       #.......     73%         4    #####..
 Ozocubu's Armour         Chrm/Ice       #.......     34%         3    ###....
 Regeneration             Chrm/Necr      #.........   34%         3    ###....
 Throw Icicle             Conj/Ice       #.......     73%         4    #####..
 Confusing Touch          Hex            #.....       6%          1    #......
 Metabolic Englaciation   Hex/Ice        #.........   91%         5    ######.
 Corona                   Hex            #......      6%          1    #......
 Leda's Liquefaction      Hex/Erth       #.........   32%         4    #####..
 Shroud of Golubria       Chrm/Tloc      #.........   7%          2    ###....
 Inner Flame              Hex/Fire       #.......     26%         3    ###....
 Fulminant Prism          Conj/Hex       #.........   61%         4    #####..
 Dazzling Spray           Conj/Hex       #.....       26%         3    ###....
 Force Lance              Conj/Tloc      #.......     38%         4    #####..
 Infusion                 Chrm           #...         12%         1    #......
 Song of Slaying          Chrm           #.......     19%         2    ###....
 Spectral Weapon          Hex/Chrm       #.......     26%         3    ###....
 Searing Ray              Conj           #.....       19%         2    ###....
 Yara's Violent Unravell  Hex/Tmut       ##........   58%         5    ######.


Dungeon Overview and Level Annotations

Branches:
Dungeon (10/15)            Temple (1/1) D:4            Lair (0/6) D:9
    Orc: D:9-12

Altars:
Ashenzari
Cheibriados
Dithmenos
Elyvilon
Fedhas
Gozag
Hepliaklqana
Kikubaaqudgha
Makhleb
Nemelex Xobeh
Okawaru
Qazlal
Ru
Sif Muna
Trog
Uskayaw
Vehumet
Wu Jian
Xom
Yredelemnul
Zin
The Shining One

Shops:
D:4 *


Innate Abilities, Weirdness & Mutations

You are very small and have problems with some larger weapons.
You are too small for most types of armour.
You have supernaturally acute eyesight. (SInv)
You are a herbivore.
You cover ground extremely quickly.
You need to consume almost no food.


Message History

You hear the crackle of electricity.
M - a +1 short sword of electrocution (weapon)
There is a stone staircase leading up here.
The yaktaur captain shouts!
The yaktaur captain shoots a bolt.
The bolt hits you!!
Ouch! That really hurt!
You see here a bolt.
You hit the yaktaur captain.
Lightning courses through the yaktaur captain!
The yaktaur captain is lightly wounded.
The yaktaur captain unwields an uncursed arbalest.
The yaktaur captain hits you but does no damage.
You hit the yaktaur captain.
Lightning courses through the yaktaur captain!
The yaktaur captain is moderately wounded.
You hit the yaktaur captain.
The yaktaur captain is moderately wounded.
The yaktaur captain hits you!!
You die...
Fedhas appreciates your contribution to the ecosystem.

.##....<..................######.
.................................
.##.#.#....#..##.#........#####..
.................................
...........#..#..).........##.#.#
......#...##..#.)∩)........##.#.#
'##...#..........).........##.#.#
..#...#...##........##.....##.#.#
..#...#...##...#@#(.##.....##.#.#
..#...#........#c#..##.....##.#.#
..##......##.....................
..##...÷............##...>......#
.............###.#.........##....
##.#......######.#.............##
...............<.................
.............(......#####..##..##
............##.##...#,,,#.......,


You could see a yaktaur captain.

Vanquished Creatures
  A death knight (D:10)
  A centaur warrior (D:9)
  3 two-headed ogres
  2 unseen horrors (D:10)
  A queen bee (D:10)
  Prince Ribbit (D:7)
  2 hippogriffs
  Grinder (D:3)
  Sigmund (D:2)
  A wraith (D:10)
  7 yaks
  Eustachio (D:4)
  A hungry ghost (D:9)
  A soldier ant (D:8)
  Edmund (D:4)
  2 wargs (D:9)
  Purgy (D:4)
  16 orc warriors
  A sky beast (D:8)
  3 phantoms
  4 black bears
  15 centaurs
  5 ogres
  A crocodile (D:8)
  A big kobold (Sewer)
  5 bullfrogs
  3 scorpions
  21 killer bees
  2 bullfrog zombies (D:9)
  A centaur zombie (D:6)
  2 crimson imps
  2 hounds
  A jelly (D:6)
  7 orc priests
  8 orc wizards
  Jessica (D:3)
  A bullfrog skeleton (D:4)
  2 iguanas
  Ijyb (D:3)
  8 worker ants
  A killer bee zombie (D:5)
  2 hound zombies
  A worker ant zombie (D:6)
  4 gnolls (D:4)
  16 adders
  12 river rats
  A shadow imp (D:7)
  5 oozes
  2 adder skeletons
  2 worms (D:2)
  4 dart slugs
  9 leopard geckos
  52 orcs
  9 giant cockroaches
  10 goblins
  4 hobgoblins (D:1)
  6 jackals
  23 kobolds
  3 quokkas
  6 ball pythons
  6 bats
  7 frilled lizards
  A jackal skeleton (D:7)
  2 quokka zombies
  22 rats
349 creatures vanquished.

Vanquished Creatures (others)
  An orc (D:3)
1 creature vanquished.

Grand Total: 350 creatures vanquished

Notes
Turn   | Place    | Note
-------+----------+-------------------------------------------
     0 | D:1      | Kholdaimon the Spriggan Artificer began the quest for the Orb.
     0 | D:1      | Reached XP level 1. HP: 9/9 MP: 4/4
   178 | D:1      | Reached skill level 1 in Fighting
   185 | D:1      | Reached XP level 2. HP: 14/14 MP: 6/6
   931 | D:1      | Reached XP level 3. HP: 18/18 MP: 7/7
  1360 | D:2      | Noticed Sigmund
  1374 | D:2      | Killed Sigmund
  1374 | D:2      | Reached skill level 5 in Evocations
  1374 | D:2      | Reached XP level 4. HP: 3/23 MP: 8/8
  1374 | D:2      | Reached XP level 5. HP: 3/26 MP: 9/9
  2442 | D:3      | Noticed Grinder
  2599 | D:3      | Found an opulent altar of Gozag.
  2694 | D:3      | Reached XP level 6. HP: 25/30 MP: 10/10
  2706 | D:3      | Killed Grinder
  2706 | D:3      | Reached skill level 1 in Slings
  2706 | D:3      | Reached skill level 5 in Dodging
  2932 | D:3      | Found a white marble altar of Elyvilon.
  3027 | D:3      | Found a sacrificial altar of Ru.
  3030 | D:3      | Noticed Ijyb
  3248 | D:3      | Killed Ijyb
  3285 | D:3      | Noticed Jessica
  3340 | D:3      | Killed Jessica
  3340 | D:3      | Reached XP level 7. HP: 16/35 MP: 12/12
  3577 | D:3      | Reached skill level 5 in Stealth
  4215 | D:4      | Noticed Purgy
  4221 | D:4      | Killed Purgy
  4258 | D:4      | Noticed Edmund
  4365 | D:4      | Killed Edmund
  4512 | D:4      | Noticed Eustachio
  4518 | D:4      | Killed Eustachio
  4518 | D:4      | Reached XP level 8. HP: 40/40 MP: 13/13
  4643 | D:4      | Found a staircase to the Ecumenical Temple.
  4774 | D:4      | Found Kigetek's Assorted Antiques.
  4785 | Temple   | Entered the Ecumenical Temple
  5049 | D:4      | Found a sparkling altar of Nemelex Xobeh.
  5477 | D:4      | Got a scintillating copper amulet
  5558 | D:4      | Reached skill level 5 in Short Blades
  5983 | D:5      | Entered Level 5 of the Dungeon
  6131 | D:5      | Found a glowing drain.
  6136 | Sewer    | Entered a sewer
  7173 | D:5      | Identified the amulet of Kydok {Acrobat +Inv rElec rPois SInv} (You found it on level 4 of the Dungeon)
  7298 | D:5      | Learned a level 3 spell: Gell's Gravitas
  8088 | D:6      | Reached skill level 1 in Translocations
  8121 | D:6      | Reached skill level 5 in Slings
  8121 | D:6      | Reached skill level 1 in Spellcasting
  8251 | D:6      | Reached skill level 1 in Armour
  8506 | D:6      | Paralysed by fainting for 10 turns
  8903 | D:6      | Reached XP level 9. HP: 44/44 MP: 15/15
  9894 | D:7      | Found a shattered altar of Ashenzari.
 10017 | D:7      | Noticed Prince Ribbit
 10081 | D:7      | Killed Prince Ribbit
 11618 | D:8      | Reached XP level 10. HP: 50/50 MP: 16/16
 11739 | D:8      | Found a shattered altar of Ashenzari.
 12299 | D:8      | Reached skill level 5 in Translocations
 12338 | D:8      | Learned a level 4 spell: Petrify
 12477 | D:9      | Noticed a two-headed ogre
 12501 | D:9      | Killed a two-headed ogre
 12501 | D:9      | Reached skill level 1 in Earth Magic
 12536 | D:9      | Noticed a centaur warrior
 12578 | D:9      | Killed a centaur warrior
 12578 | D:9      | Reached skill level 5 in Fighting
 12965 | D:9      | Found a staircase to the Lair.
 13266 | D:9      | Learned a level 1 spell: Apportation
 13530 | D:9      | Reached XP level 11. HP: 55/55 MP: 18/18
 13709 | D:9      | Found a blossoming altar of Fedhas.
 13716 | D:9      | Became a worshipper of Fedhas Madash
 14060 | D:9      | Found a deep blue altar of Sif Muna.
 14121 | D:10     | Entered Level 10 of the Dungeon
 14125 | D:10     | Found a flagged portal.
 14150 | Bailey   | Entered a bailey
 15782 | Bailey   | Reached * piety under Fedhas
 16251 | D:10     | Noticed an unseen horror
 16300 | D:10     | Killed an unseen horror
 16300 | D:10     | Reached skill level 1 in Invocations
 16376 | D:10     | Noticed a death knight
 16424 | D:10     | Noticed an unseen horror
 16427 | D:10     | Killed an unseen horror
 16684 | D:10     | Learned a level 3 spell: Portal Projectile
 17051 | D:10     | Noticed a two-headed ogre
 17110 | D:10     | Killed a two-headed ogre
 17228 | D:10     | Noticed a two-headed ogre
 17345 | D:10     | Noticed a yaktaur captain
 17383 | D:10     | Killed a two-headed ogre
 17383 | D:10     | Reached skill level 1 in Hexes
 17458 | D:10     | Killed a death knight
 17458 | D:10     | Reached skill level 5 in Transmutations
 18184 | D:10     | Slain by a yaktaur captain

Vault maps used:
D:1:      tarquinn_simple_flora_water_f
D:2:      minmay_misc_feat_room, grunt_decor_clamped, minmay_pentomino_z2,
          uniq_sigmund
D:3:      overflow_temple_1_default, nicolae_overflow_crystal_walls,
          minmay_misc_feat_roman, lemuel_statue_altar, uniq_grinder,
          uniq_jessica, uniq_ijyb
D:4:      kennysheep_little_box, minmay_temple_entry_statues_fountains,
          first_ration, serial_shops, shop, uniq_edmund, uniq_eustachio,
          uniq_purgy
D:5:      gup_sewer_entry_bowl, dk_vineyard_3, minmay_misc_feat_chi,
          minmay_misc_feat_enclosed
D:7:      basic_altar, uniq_prince_ribbit1
D:8:      overflow_temple_1_default
D:9:      fedhas_altar_2, lemuel_coloured_pillars_altar,
          erik_lair_orcish_takeover
D:10:     wad_statue_garden, enter_bailey_2, david_nohive_1
Temple:   nicolae_temple_elliptical
Sewer:    sewer_minmay_treatment
Bailey:   bailey_polearm_flooded_kennysheep, bailey

Skill      XL: |  1  2  3  4  5  6  7  8  9 10 11 |
---------------+----------------------------------+-----
Fighting       | 1 2 3 4 5 6 |  6.0
Stealth        | 2 4 6 7 8 9 |  9.0
Short Blades   | 2 3 4 5 7 8 9 |  9.0
Dodging        | 4 5 6 8 9 |  9.5
Evocations     | 5 6 7 8 |  8.5
Slings         | 2 3 5 7 8 9 |  9.2
Translocations | 2 4 5 |  5.1
Spellcasting   | 1 3 |  3.0
Armour         | 1 3 |  3.0
Transmutations | 3 5 |  5.2
Earth Magic    | 3 4 |  4.6
Invocations    | 2 |  2.3
Hexes          | 1 |  1.7

Action                   |  1- 3 |  4- 6 |  7- 9 | 10-12 || total
-------------------------+-------+-------+-------+-------++-------
Melee: Short sword       |   114 |    79 |   189 |   289 ||   671
       Unarmed           |       |     2 |       |       ||     2
       Dagger            |       |       |   113 |   127 ||   240
 Fire: Hunting sling     |       |   145 |   818 |   360 ||  1323
Throw: Stone             |    43 |     8 |       |       ||    51
       Throwing net      |       |       |     1 |     2 ||     3
       Tomahawk          |       |       |       |   112 ||   112
 Cast: Gell's Gravitas   |       |       |       |     2 ||     2
 Abil: Evoke Invisibilit |       |       |       |     2 ||     2
Evoke: Wand              |       |    12 |    13 |    22 ||    47
  Use: Scroll            |       |       |    13 |     3 ||    16
       Potion            |       |       |     2 |     3 ||     5
 Stab: Sleeping          |     4 |     1 |     1 |     7 ||    13
       Distracted        |       |       |       |     2 ||     2
       Invisible         |       |       |       |     1 ||     1
  Eat: Ration            |       |       |     3 |     6 ||     9
Armor: Robe              |     8 |     8 |       |       ||    16
       Skin              |       |     6 |       |       ||     6
       Troll leather arm |       |       |    32 |    40 ||    72
Dodge: Dodged            |    84 |    72 |   396 |   531 ||  1083

Table legend:
 A = Spawn XP
 B = Non-spawn XP
 C = Spawn XP percentage of total XP
 D = Spawn monster count
 E = Non-spawn monster count
 F = Spawn count percentage of total count
 G = Total turns spent on level
                    A         B        C        D         E        F      G
               +---------+---------+-------+---------+---------+-------+---------
         Total |       0 |   20358 |   0.0 |       0 |     349 |   0.0 | 18184
               +---------+---------+-------+---------+---------+-------+---------
           D:1 |       0 |      53 |   0.0 |       0 |      28 |   0.0 |  1305
           D:2 |       0 |     270 |   0.0 |       0 |      21 |   0.0 |  1200
           D:3 |       0 |     548 |   0.0 |       0 |      32 |   0.0 |  1513
           D:4 |       0 |     863 |   0.0 |       0 |      21 |   0.0 |  1763
           D:5 |       0 |     174 |   0.0 |       0 |      12 |   0.0 |  1097
           D:6 |       0 |    1013 |   0.0 |       0 |      29 |   0.0 |  1442
           D:7 |       0 |    1465 |   0.0 |       0 |      25 |   0.0 |  1405
           D:8 |       0 |    1778 |   0.0 |       0 |      26 |   0.0 |  1441
           D:9 |       0 |    4802 |   0.0 |       0 |      29 |   0.0 |  1700
          D:10 |       0 |    6756 |   0.0 |       0 |      39 |   0.0 |  2325
         Sewer |       0 |     325 |   0.0 |       0 |      48 |   0.0 |  1036
        Bailey |       0 |    2311 |   0.0 |       0 |      39 |   0.0 |  1738
               +---------+---------+-------+---------+---------+-------+---------
